 Dungeon Crawl Stone Soup version 0.26-a0-540-g8a0c9464d7 (webtiles) character file.

Game seed: 12509250150572759651

67 Gorglomux the Skirmisher (level 4, -23/39 HPs)
             Began as a Palentonga Delver on Aug 21, 2020.
             Annihilated by an ogre
             ... wielding a +0 giant club
              (29 damage)
             ... in the Ecumenical Temple.
             The game lasted 00:04:48 (849 turns).

Gorglomux the Skirmisher (Palentonga Delver)         Turns: 849, Time: 00:04:48

Health: -23/39     AC:  6    Str: 16    XL:     4   Next: 0%
Magic:  4/4        EV:  9    Int: 11    God:
Gold:   12         SH:  0    Dex: 11    Spells: 3/3 levels left

rFire    . . .     SeeInvis +   a - +0 short sword
rCold    . . .     Faith    .   (no shield)
rNeg     . . .     Spirit   .   b - +0 leather armour
rPois    .         Reflect  .   e - +0 helmet
rElec    .         Harm     .   (no cloak)
rCorr    .                      d - +0 pair of gloves
MR       .....                  (boots restricted)
Stlth    ++........             (no amulet)
HPRegen  0.13/turn              (no ring)
MPRegen  0.09/turn              (no ring)

@: no status effects
A: large, rugged brown scales 3, see invisible, deformed body, roll, armoured
tail
a: Rolling Charge


You were in the Ecumenical Temple.
You visited 2 branches of the dungeon, and saw 3 of its levels.

You collected 12 gold pieces.

Inventory:

Hand Weapons
 a - a +0 short sword (weapon)
Armour
 b - a +0 leather armour (worn)
 d - a +0 pair of gloves (worn)
 e - a +0 helmet (worn)
Scrolls
 c - a scroll of fog
 M - a scroll of magic mapping


   Skills:
 + Level 4.0 Fighting
 + Level 3.3 Short Blades
 - Level 1.5 Dodging
 - Level 3.3 Stealth


You had 3 spell levels left.
You didn't know any spells.
Your spell library was empty.

Dungeon Overview and Level Annotations

Branches:
Dungeon (5/15)             Temple (1/1) D:4

Altars:
Cheibriados
Dithmenos
Elyvilon
Fedhas
Hepliaklqana
Makhleb
Nemelex Xobeh
Qazlal
Ru
Sif Muna
Vehumet
Wu Jian
Xom
Zin
The Shining One

Shops:
D:5 :


Innate Abilities, Weirdness & Mutations

You are completely covered in rugged brown scales. (AC +3, +7% HP)
You have supernaturally acute eyesight. (SInv)
Armour fits poorly on your strangely shaped body.
You can roll at foes to attack.
You have a long armoured tail.


Message History

e - a helmet
There are no items here.
You start putting on your armour.
You continue putting on your helmet. x4
You finish putting on your +0 helmet.
You start putting on your armour.
You continue putting on your pair of gloves. x4
You finish putting on your +0 pair of gloves.
There is a stone staircase leading down here.
You open the door.
There is an open door here.
An ogre comes into view. It is wielding a +0 giant club.
Found a staircase to the Ecumenical Temple.
An ogre is nearby!
You aren't carrying any items that you can evoke.
You aren't carrying any potions.
You open the door.
There is an open door here.
There is a staircase to the Ecumenical Temple here.
You climb downwards.
Welcome to the Ecumenical Temple!
There is a staircase back to the Dungeon here.
Found an ornate altar of the Wu Jian Council.
An ogre opens the door.
Found a shimmering altar of Xom.
Found a blossoming altar of Fedhas.
An ogre opens the door.
Found a radiant altar of Vehumet and a shadowy altar of Dithmenos.
Found a sacrificial altar of Ru.
Found a white marble altar of Elyvilon.
You open the door.
Found a shimmering blue altar of Sif Muna and a burning altar of Makhleb.
Found a hazy altar of Hepliaklqana.
Found a sparkling altar of Nemelex Xobeh.
There is an open door here.
You open the door. The ogre closely misses you.
Found a glowing silver altar of Zin.
You open the door.
Found two altars.
The ogre closely misses you.
You open the door. The ogre closely misses you.
Found a stormy altar of Qazlal.
The ogre hits you with a +0 giant club.
There is an open door here.
The ogre hits you with a +0 giant club!
The ogre hits you with a +0 giant club!!
Ouch! That really hurt!
* * * LOW HITPOINT WARNING * * *
There is a shadowy altar of Dithmenos here.
The ogre hits you with a +0 giant club!!
Ouch! That really hurt!
You die...

########################
#........#.............#
#.P.._.................#
#......@.#.............#
#._.._O.##.............#
#......##......#'#......
#....###......##.##.....
#...##.....####...####..
##.##....'## #...# ##.
#........#...#.._..#...#
#.......##._.##...##._.#
#.......# ....#...#....


You could see an ogre.

Vanquished Creatures
  An orc priest (D:5)
  An iguana (D:5)
  A gnoll (D:5)
  An orc (D:5)
4 creatures vanquished.

Notes
Turn   | Place    | Note
-------+----------+-------------------------------------------
     0 | D:5      | Gorglomux the Palentonga Delver began the quest for the
                  | Orb.
     0 | D:5      | Reached XP level 1. HP: 19/19 MP: 1/1
    25 | D:5      | Reached XP level 2. HP: 25/25 MP: 2/2
    87 | D:5      | Reached skill level 3 in Short Blades
    87 | D:5      | Reached XP level 3. HP: 16/32 MP: 3/3
   140 | D:5      | Reached skill level 4 in Fighting
   141 | D:5      | HP: 1/32 [acid (11)]
   180 | D:5      | HP: 1/32 [orc/+0 club (3)]
   182 | D:5      | Reached XP level 4. HP: 1/39 MP: 4/4
   196 | D:5      | Found Argho's Book Shop.
   595 | D:4      | Found a staircase to the Ecumenical Temple.
   595 | D:4      | Noticed an ogre
   602 | Temple   | Entered the Ecumenical Temple
   849 | Temple   | Annihilated by an ogre

Illustrated notes

Levels and vault maps discovered:
D:4:      layout_loops_ring, kennysheep_little_box, dancing_weapons_uskayaw,
          minmay_temple_entry_glassed_door
D:5:      layout_rooms, serial_shops, shop
Temple:   regret_index_temple_generic_petals

Skill      XL: |  1  2  3 |
---------------+----------+-----
Short Blades   | 3 |  3.3
Fighting       | 4 |  4.0
Dodging        | |  1.5
Stealth        | |  3.3

Action                   |  1- 3 |  4- 6 || total
-------------------------+-------+-------++-------
Melee: Short sword       |    15 |       ||    15
       Tailslap          |     2 |       ||     2
 Abil: Rolling Charge    |     5 |       ||     5
Evoke: Wand              |     3 |       ||     3
  Use: Scroll            |     1 |       ||     1
       Potion            |     1 |       ||     1
Armor: Leather armour    |     2 |       ||     2
Dodge: Dodged            |     3 |     3 ||     6

Table legend: (Time is in decaauts)
 A = Elapsed time spent in this place.
 B = Non-inter-level travel time spent in this place.
 C = Inter-level travel time spent in this place.
 D = Time resting spent in this place.
 E = Time spent auto-exploring this place.
 F = Levels seen in this place.
 G = Mean time per level.
                   A        B        C        D        E       F      G
               +--------+--------+--------+--------+--------+-----+--------+
         Total |    830 |    825 |      5 |    341 |      9 |   3 |  276.7 |
       Dungeon |    583 |    578 |      5 |    341 |      9 |   2 |  291.5 |
        Temple |    246 |    246 |      0 |      0 |      0 |   1 |  246.0 |
               +--------+--------+--------+--------+--------+-----+--------+

Top non-repeatable levels by time:
     D:4: 368 daAuts
  Temple: 246 daAuts
     D:5: 215 daAuts
